 Dungeon Crawl Stone Soup version 0.29.1-12-g30fa7ad0bf (webtiles) character file.

Game seed: 15228187363070176905

153 nachturnus the Chopper (level 5, -8/41 HPs)
             Began as a Human Monk on Jan 10, 2023.
             Mangled by a gnoll
             ... wielding a +0 halberd
              (13 damage)
             ... on level 3 of the Dungeon.
             The game lasted 00:06:42 (3729 turns).

nachturnus the Chopper (Human Monk)                 Turns: 3729, Time: 00:06:42

Health: -8/41      AC: 10    Str: 13    XL:     5   Next: 61%
Magic:  5/5        EV:  3    Int: 11    God:
Gold:   142        SH:  0    Dex: 15    Spells: 4/4 levels left

rFire   . . .      SeeInvis .   a - +1 hand axe
rCold   . . .      Faith    .   (no shield)
rNeg    . . .      Spirit   .   j - +0 plate armour
rPois   .          Reflect  .   (no helmet)
rElec   .          Harm     .   (no cloak)
rCorr   .          Rampage  .   (no gloves)
Will    .....                   (no boots)
Stlth   ..........              (no amulet)
HPRegen 0.13/turn               (no ring)
MPRegen 0.09/turn               (no ring)

@: no status effects
A: no striking features
a: no special abilities


You were on level 3 of the Dungeon.
You visited 1 branch of the dungeon, and saw 3 of its levels.

You collected 142 gold pieces.

Inventory:

Hand Weapons
 a - a +1 hand axe (weapon)
Armour
 j - a +0 plate armour (worn)
Jewellery
 b - an amulet of reflection
Scrolls
 e - a scroll of fear
 g - a scroll of identify
Potions
 c - a potion of attraction {unknown}
 d - a potion of brilliance {unknown}
 f - a potion of flight {unknown}
 h - 2 potions of mutation {unknown}


   Skills:
 - Level 3.0 Fighting
 + Level 5.8 Axes
 - Level 3.0 Dodging
 - Level 2.0 Stealth


You had 4 spell levels left.
You didn't know any spells.
Your spell library contained the following spells:

 Spells                   Type           Power      Damage    Failure   Level
 Beastly Appendage        Tmut           0%         N/A       100%        1
 Wereblood                Tmut           0%         N/A       100%        2
 Spider Form              Tmut/Pois      0%         N/A       100%        3


Dungeon Overview and Level Annotations

Branches:
Dungeon (3/15)

Altars:
Trog

Annotations:
D:3 3 runed translucent doors


Message History

The gnoll is almost dead.
The gnoll throws a throwing net.
The throwing net hits you.
You become entangled in the net!
You tear a large gash into the net.
The gnoll hits you but does no damage.
You are held in a net!
You are held in a net!
You are held in a net!
You struggle against the net.
The gnoll hits you with a +0 whip.
You rip the net and break free!
The gnoll hits you with a +0 whip.
The gnoll hits you from afar with a +0 halberd!
You barely miss the gnoll.
The gnoll is almost dead.
You hit the gnoll. The gnoll hits you with a +0 whip.
The gnoll hits you from afar with a +0 halberd.
You hit the gnoll.
You kill the gnoll!
You hit the gnoll.
The gnoll hits you from afar with a +0 halberd.
The gnoll hits you with a +0 club.
You slash the gnoll!
You kill the gnoll!
The gnoll hits you from afar with a +0 halberd.
The gnoll hits you from afar with a +0 halberd.
* * * LOW HITPOINT WARNING * * *
Things that are here:
a +0 club; a sedimented purple potion; a gnoll corpse The gnoll hits you but does no damage.
The gnoll hits you with a +0 halberd.
* * * LOW HITPOINT WARNING * * *
You hit the gnoll.
The gnoll is moderately wounded.
The gnoll hits you but does no damage.
You hit the gnoll but do no damage.
The gnoll is moderately wounded.
The gnoll hits you with a +0 halberd.
* * * LOW HITPOINT WARNING * * *
You closely miss the gnoll.
The gnoll is moderately wounded.
The gnoll hits you with a +0 halberd!
You die...

# .# #.#######
....... #........
.$... #########
######..⌠. ........
......... ######..
#...##... ## #..
.###..#..## ..###
####..
....##)....####......
..#..
#....##.).)g@.....#
#.#..
#....#...[####.###
##.#(. #....#.....# #
#..... #...+...#.#
#####..##.
#...+.....#
...........
#...+..#..###
..........#
##...#.........
.#####.....
#....#.##..####
...##......
#....##.##..####.
#.##......


You could see a gnoll.

Vanquished Creatures
  An orc wizard (D:2)
  2 gnolls (D:3)
  4 adders
  2 worms (D:3)
  3 dart slugs
  5 orcs
  5 ball pythons
  5 endoplasms
  A giant cockroach (D:2)
  A goblin (D:2)
  6 hobgoblins
  8 kobolds
  3 quokkas
  3 bats
  3 frilled lizards
  3 rats
55 creatures vanquished.

Notes
Turn   | Place    | Note
-------+----------+-------------------------------------------
     0 | D:1      | nachturnus the Human Monk began the quest for the Orb.
     0 | D:1      | Reached XP level 1. HP: 18/18 MP: 1/1
   560 | D:1      | Reached XP level 2. HP: 24/24 MP: 2/2
   917 | D:1      | Found a faded altar of an unknown god.
  1188 | D:2      | Reached skill level 4 in Axes
  1188 | D:2      | Reached XP level 3. HP: 9/29 MP: 3/3
  1650 | D:2      | Reached XP level 4. HP: 20/35 MP: 4/4
  1658 | D:2      | HP: 1/35 [orc/+0 trident (1)]
  2143 | D:2      | Reached skill level 5 in Axes
  2742 | D:2      | Reached XP level 5. HP: 31/41 MP: 5/5
  3517 | D:3      | Found a bloodstained altar of Trog.
  3704 | D:3      | Found a runed translucent gate.
  3704 | D:3      | Found a runed translucent gate.
  3704 | D:3      | Found a runed translucent gate.
  3729 | D:3      | Mangled by a gnoll

Illustrated notes

Levels and vault maps discovered:
D:1:      dpeg_arrival_another_circle, layout_loops_ring,
          hellmonk_ecumenical_altar_heavens_door, kennysheep_doodads,
          minmay_bisected
D:2:      layout_basic, serial_co_window_serial, co_window_corner_a,
          co_window_paths_a, co_window_corner_a, co_window_paths_a,
          co_window_paths_b, co_window_2corner, co_window_paths_c,
          co_window_unsneaky_path_a, co_window_broadway_c, co_window_cross_4,
          co_window_paths_e, co_window_paths_d, glass_columns_a,
          glass_columns_a, glass_columns_b, glass_columns_a, glass_columns_a,
          chequers_serial_rivers_micro_b, minmay_pentomino_x2
D:3:      layout_loops_ring, trog_three_pillars_becter, gammafunk_ghost_icy,
          solitary_fountain, minmay_between

Skill      XL: |  1  2  3  4 |
---------------+-------------+-----
Axes           | 4 5 |  5.8
Fighting       | |  3.0
Dodging        | |  3.0
Stealth        | |  2.0

Action                   |  1- 3 |  4- 6 || total
-------------------------+-------+-------++-------
Melee: Hand axe          |   103 |   102 ||   205
       Punch             |     1 |       ||     1
  Use: Scroll            |     2 |     2 ||     4
       Potion            |     1 |       ||     1
 Stab: Sleeping          |     6 |       ||     6
Armor: Leather armour    |    11 |       ||    11
       Scale mail        |    16 |    17 ||    33
       Plate armour      |       |    36 ||    36
Dodge: Dodged            |    60 |    28 ||    88
